 Seeded DCSS version 0.26.0-45-g9c1d065592 (webtiles) character file.

Game seed: 15380089594623195496 (custom seed)

1926 polo the Archer (level 9, 69/69 HPs)
             Began as a Gnoll Hunter on Jan 27, 2021.
             Was an Initiate of Okawaru.
             Quit the game on level 6 of the Dungeon on Jan 28, 2021.
             The game lasted 00:06:29 (7477 turns).

polo the Archer (Gnoll Hunter)                      Turns: 7477, Time: 00:06:29

Health: 69/69      AC:  8    Str: 17    XL:     9   Next: 17%
Magic:  15/15      EV: 14    Int: 13    God:    Okawaru [......]
Gold:   334        SH:  0    Dex: 17    Spells: 16/16 levels left

rFire    . . .     SeeInvis .   a - +1 hand axe (venom)
rCold    . . .     Faith    .   (no shield)
rNeg     . . .     Spirit   .   c - +0 ring mail
rPois    .         Reflect  .   i - +0 helmet
rElec    .         Harm     .   G - scarf {repulsion}
rCorr    .         Rampage  .   w - +0 pair of gloves
Will     .....     Rnd*Tele +   (no boots)
Stlth    ++........             (no amulet)
HPRegen  0.21/turn              H - ring of wizardry
MPRegen  0.14/turn              r - ring of teleportation (curse)

@: repel missiles
A: distributed training, fangs 1, strong nose
a: Renounce Religion


You were on level 6 of the Dungeon.
You worshipped Okawaru.
Okawaru was noncommittal.
You visited 2 branches of the dungeon, and saw 7 of its levels.

You collected 334 gold pieces.

Inventory:

Hand Weapons
 a - a +1 hand axe of venom (weapon)
 b - a +1 shortbow
 v - a +0 great mace of draining
Missiles
 d - 85 arrows
 t - 4 silver javelins (quivered)
Armour
 c - a +0 ring mail (worn)
 i - a +0 helmet (worn)
 w - a +0 pair of gloves (worn)
 G - a scarf of repulsion (worn)
Jewellery
 g - an uncursed ring of stealth
 n - a +6 ring of intelligence
 r - a cursed ring of teleportation (right hand)
 H - a ring of wizardry (left hand)
Wands
 q - a wand of flame (20)
 u - a wand of acid (10)
 E - a wand of random effects (22)
Scrolls
 e - 2 scrolls of fear {unknown}
 h - 4 scrolls of remove curse {unknown}
 j - 2 scrolls of enchant armour {unknown}
 k - 2 scrolls of blinking {unknown}
 o - 5 scrolls of identify {unknown}
 p - 3 scrolls of amnesia {unknown}
 s - 5 scrolls of teleportation {unknown}
 x - a scroll of immolation {unknown}
 y - a scroll of noise {unknown}
 F - a scroll of random uselessness {unknown}
Potions
 f - a potion of magic {unknown}
 l - a potion of haste {unknown}
 m - 3 potions of degeneration {unknown}
 z - a potion of flight {unknown}
 A - 2 potions of curing {unknown}
 B - a potion of might {unknown}
 C - 2 potions of cancellation {unknown}
 D - a potion of heal wounds


   Skills:
 + Level 6.1 Fighting
 + Level 4.0 Short Blades
 + Level 4.0 Long Blades
 + Level 4.0 Axes
 + Level 4.0 Maces & Flails
 + Level 4.0 Polearms
 + Level 4.0 Staves
 + Level 4.0 Slings
 + Level 9.4 Bows
 + Level 4.0 Crossbows
 + Level 4.0 Throwing
 + Level 4.0 Armour
 + Level 6.1 Dodging
 + Level 4.7 Stealth
 + Level 4.0 Shields
 + Level 4.0 Unarmed Combat
 + Level 4.0 Spellcasting
 + Level 3.2 Conjurations
 + Level 3.2 Hexes
 + Level 3.2 Summonings
 + Level 3.2 Necromancy
 + Level 3.2 Translocations
 + Level 3.2 Transmutations
 + Level 3.2 Fire Magic
 + Level 3.2 Ice Magic
 + Level 3.2 Air Magic
 + Level 3.2 Earth Magic
 + Level 3.2 Poison Magic
 + Level 4.4 Invocations
 + Level 4.0 Evocations


You had 16 spell levels left.
You didn't know any spells.
Your spell library contained the following spells:

 Spells                   Type           Power        Failure   Level
 Animate Skeleton         Necr           22%          4%          1
 Apportation              Tloc           22%          4%          1
 Corona                   Hex            12%          4%          1
 Summon Small Mammal      Summ           44%          4%          1
 Confusing Touch          Hex            11%          12%         3
 Gell's Gravitas          Tloc           5%           12%         3
 Petrify                  Tmut/Erth      11%          34%         4
 Metabolic Englaciation   Hex/Ice        5%           67%         5
 Yara's Violent Unravell  Hex/Tmut       5%           67%         5


Dungeon Overview and Level Annotations

Branches:
Dungeon (6/15)             Temple (1/1) D:6

Altars:
Ashenzari
Cheibriados
Dithmenos
Elyvilon
Fedhas
Gozag
Hepliaklqana
Makhleb
Nemelex Xobeh
Okawaru
Qazlal
Ru
Sif Muna
Trog
Uskayaw
Vehumet
Xom
Yredelemnul
Zin

Shops:
D:6 !


Innate Abilities, Weirdness & Mutations

Your experience applies equally to all skills.
You have very sharp teeth.
Your uncanny sense of smell can sniff out nearby items.


Message History

Found a blossoming altar of Fedhas and a sacrificial altar of Ru.
Found a shadowy altar of Dithmenos.
There is an iron altar of Okawaru here.
You kneel at the altar of Okawaru.
Okawaru welcomes you!
(D) Dungeon (T) Temple
Where to? (? - help)
There is a basalt altar of Yredelemnul here.
There is a broken altar of Ashenzari here.
There is a staircase back to the Dungeon here.
You climb upwards.
Welcome back to the Dungeon!
There is a staircase to the Ecumenical Temple here.
Throw: 4 javelins (silver)
Press: ? - help, Q - select action, (/) - cycle Shift-Dir - straight line
Okay, then.
Unknown command.
Search for what [? for help]?
Okay, then.
Unknown command.
Are you sure you want to abandon this character and quit the game? (Confirm with "yes".)

##.# ####..# ..#..# .^#)#######
## ...)...o... . ...#....... ##.
∆ ...#....... #.. .#.#........ ∆
####.# ...########..###@##.# ###
#..# #.....##.# #.# #..#####
#####..#.# #.#
#....<.##########...##########.##
.....(......).)))................
#.......÷)...####..#......####.##
..#....÷÷....###...######...##.#
.##.#####.)#.....#..#######.#..##
..#.# ##............(.(........


There were no monsters in sight!

Vanquished Creatures
  Pikel (D:4)
  Sigmund (D:5)
  Menkaure (D:4)
  An orc warrior (D:6)
  A sky beast (D:5)
  A phantom (D:5)
  2 lemures (D:5)
  Blork the orc (D:5)
  A bullfrog (D:6)
  A centaur zombie (D:5)
  A bullfrog zombie (D:5)
  3 orc priests
  A jelly (D:6)
  A bullfrog skeleton (D:6)
  Jessica (D:2)
  6 orc wizards
  Terence (D:2)
  An iguana (D:4)
  5 worker ants (D:4)
  A hound zombie (D:5)
  A hound skeleton (D:4)
  A howler monkey zombie (D:6)
  Robin (D:2)
  3 gnolls (D:5)
  A worker ant zombie (D:5)
  3 adders
  An ooze (D:3)
  An adder skeleton (D:5)
  An adder zombie (D:5)
  2 worms (D:3)
  A dart slug (D:1)
  3 leopard geckos (D:6)
  26 orcs
  8 bats
  3 giant cockroaches
  12 goblins
  9 hobgoblins
  5 jackals
  7 kobolds (D:1)
  A quokka (D:5)
  12 frilled lizards
  2 quokka skeletons
  5 rats
141 creatures vanquished.

Notes
Turn   | Place    | Note
-------+----------+-------------------------------------------
     0 | D:1      | polo the Gnoll Hunter began the quest for the Orb.
     0 | D:1      | Reached XP level 1. HP: 20/20 MP: 1/1
    61 | D:1      | Reached XP level 2. HP: 16/26 MP: 2/2
   530 | D:1      | Reached XP level 3. HP: 19/31 MP: 3/3
   821 | D:1      | Reached skill level 1 in Invocations
   912 | D:2      | Noticed Robin
   944 | D:2      | Reached skill level 1 in Short Blades
   944 | D:2      | Reached skill level 1 in Long Blades
   944 | D:2      | Reached skill level 1 in Axes
   944 | D:2      | Reached skill level 1 in Maces & Flails
   944 | D:2      | Reached skill level 1 in Polearms
   944 | D:2      | Reached skill level 1 in Staves
   944 | D:2      | Reached skill level 1 in Slings
   944 | D:2      | Reached skill level 1 in Crossbows
   944 | D:2      | Reached skill level 1 in Throwing
   944 | D:2      | Reached skill level 1 in Armour
   944 | D:2      | Reached skill level 1 in Shields
   944 | D:2      | Reached skill level 1 in Unarmed Combat
   944 | D:2      | Reached skill level 1 in Spellcasting
   944 | D:2      | Reached skill level 1 in Evocations
   954 | D:2      | Killed Robin
   955 | D:2      | Reached XP level 4. HP: 31/38 MP: 5/5
  1108 | D:2      | Noticed Terence
  1129 | D:2      | Killed Terence
  1130 | D:2      | Reached skill level 1 in Conjurations
  1130 | D:2      | Reached skill level 1 in Hexes
  1130 | D:2      | Reached skill level 1 in Summonings
  1130 | D:2      | Reached skill level 1 in Necromancy
  1130 | D:2      | Reached skill level 1 in Translocations
  1130 | D:2      | Reached skill level 1 in Transmutations
  1130 | D:2      | Reached skill level 1 in Fire Magic
  1130 | D:2      | Reached skill level 1 in Ice Magic
  1130 | D:2      | Reached skill level 1 in Air Magic
  1130 | D:2      | Reached skill level 1 in Earth Magic
  1130 | D:2      | Reached skill level 1 in Poison Magic
  1512 | D:2      | Found a faded altar of an unknown god.
  1828 | D:2      | Noticed Jessica
  1834 | D:2      | Killed Jessica
  1835 | D:2      | Reached XP level 5. HP: 43/43 MP: 5/7
  2106 | D:3      | Found a snail-covered altar of Cheibriados.
  2107 | D:3      | Found a burning altar of Makhleb.
  2152 | D:3      | Found a hazy altar of Hepliaklqana.
  2154 | D:3      | Found a radiant altar of Vehumet.
  2311 | D:3      | Found a sparkling altar of Nemelex Xobeh.
  2855 | D:4      | Reached XP level 6. HP: 50/50 MP: 8/8
  2984 | D:4      | Reached skill level 5 in Fighting
  2984 | D:4      | Reached skill level 5 in Dodging
  3624 | D:4      | Noticed Menkaure
  3638 | D:4      | Killed Menkaure
  3639 | D:4      | Reached XP level 7. HP: 28/56 MP: 10/10
  4117 | D:5      | Entered Level 5 of the Dungeon
  4573 | D:5      | Noticed Pikel
  4753 | D:5      | Reached skill level 9 in Bows
  4927 | D:4      | Killed Pikel
  4928 | D:4      | Reached XP level 8. HP: 12/64 MP: 12/12
  5457 | D:5      | Noticed Blork the orc
  5469 | D:5      | Killed Blork the orc
  5864 | D:5      | Noticed Sigmund
  5870 | D:5      | Killed Sigmund
  6639 | D:6      | Reached XP level 9. HP: 64/69 MP: 14/14
  6705 | D:6      | Found Caxec's Distillery.
  7024 | D:6      | Found an opulent altar of Gozag.
  7309 | D:6      | Found the +8 storm bow {elec, penet}
  7357 | D:6      | Found a staircase to the Ecumenical Temple.
  7368 | D:6      | Upgraded the game from 0.26.0-41-g79a4fc7684 to
                  | 0.26.0-45-g9c1d065592
  7371 | Temple   | Entered the Ecumenical Temple
  7430 | Temple   | Became a worshipper of Warmaster Okawaru
  7477 | D:6      | Quit the game

Illustrated notes

Levels and vault maps discovered:
D:1:      grunt_arrival_crossed_arrows, layout_rooms, minmay_misc_feat_tower,
          moated_statue
D:2:      layout_basic, chequers_ecumenical_altar_island, uniq_jessica,
          uniq_robin, uniq_terence
D:3:      layout_loops_ring, grunt_temple_overflow_open,
          nicolae_overflow_hidden_temple, nemelex_lonely_heart_becter
D:4:      layout_basic, serial_glass, glass_columns_b, glass_columns_a,
          amcnicky_mini_rare_corridor_liquid, uniq_menkaure
D:5:      layout_layer_cave, uniq_sigmund, uniq_blork_the_orc, uniq_pikel
D:6:      layout_rooms, nicolae_overflow_crystal_walls,
          lemuel_coloured_pillars_altar, minmay_temple_entry_proselytizer,
          serial_shops, shop_statue, item_on_display_a, uniq_crazy_yiuf_cottage
Temple:   regret_index_temple_waves

Skill      XL: |  1  2  3  4  5  6  7  8  9 |
---------------+----------------------------+-----
Invocations    | 1 2 3 4 |  4.4
Short Blades   | 1 2 3 4 |  4.0
Long Blades    | 1 2 3 4 |  4.0
Axes           | 1 2 3 4 |  4.0
Maces & Flails | 1 2 3 4 |  4.0
Polearms       | 1 2 3 4 |  4.0
Staves         | 1 2 3 4 |  4.0
Slings         | 1 2 3 4 |  4.0
Crossbows      | 1 2 3 4 |  4.0
Throwing       | 1 2 3 4 |  4.0
Armour         | 1 2 3 4 |  4.0
Shields        | 1 2 3 4 |  4.0
Unarmed Combat | 1 2 3 4 |  4.0
Spellcasting   | 1 2 3 4 |  4.0
Evocations     | 1 2 3 4 |  4.0
Conjurations   | 1 2 3 |  3.2
Hexes          | 1 2 3 |  3.2
Summonings     | 1 2 3 |  3.2
Necromancy     | 1 2 3 |  3.2
Translocations | 1 2 3 |  3.2
Transmutations | 1 2 3 |  3.2
Fire Magic     | 1 2 3 |  3.2
Ice Magic      | 1 2 3 |  3.2
Air Magic      | 1 2 3 |  3.2
Earth Magic    | 1 2 3 |  3.2
Poison Magic   | 1 2 3 |  3.2
Stealth        | 3 4 |  4.7
Fighting       | 5 6 |  6.1
Dodging        | 5 6 |  6.1
Bows           | 9 |  9.4

Action                   |  1- 3 |  4- 6 |  7- 9 || total
-------------------------+-------+-------+-------++-------
Melee: Short sword       |   127 |    27 |       ||   154
       Bite              |    18 |    15 |    27 ||    60
       Hand axe          |       |    93 |   208 ||   301
       Great mace        |       |    16 |       ||    16
       Punch             |       |     2 |     6 ||     8
       Unarmed           |       |       |     5 ||     5
 Fire: Shortbow          |    11 |    11 |    26 ||    48
Evoke: Wand              |       |       |     2 ||     2
 Stab: Sleeping          |     3 |     5 |       ||     8
       Distracted        |     1 |     1 |       ||     2
Armor: Leather armour    |    45 |     1 |       ||    46
       Ring mail         |       |    41 |    67 ||   108
Dodge: Dodged            |   128 |   106 |   130 ||   364
